 Dungeon Crawl Stone Soup version 0.29.1-15-g9cfb28693d (webtiles) character file.

Game seed: 11019356576263978617

256 croobank the Insei (level 6, -4/41 HPs)
             Began as an Octopode Transmuter on Mar 7, 2023.
             Slain by a scorpion (5 damage)
             ... on level 4 of the Dungeon.
             The game lasted 00:06:32 (5254 turns).

croobank the Insei (Octopode Transmuter)            Turns: 5254, Time: 00:06:33

Health: -4/41      AC:  1    Str: 10    XL:     6   Next: 15%
Magic:  8/10       EV: 13    Int: 17    God:
Gold:   214        SH:  0    Dex: 12    Spells: 7/10 levels left

rFire   . . .      SeeInvis .   k - +4 short sword (venom)
rCold   . . .      Faith    .   (no shield)
rNeg    . . .      Spirit   .   (helmet restricted)
rPois   .          Reflect  .   (no amulet)
rElec   .          Harm     .   (no ring)
rCorr   .          Rampage  .   (no ring)
Will    .....                   (no ring)
Stlth   ++........              (no ring)
HPRegen 0.13/turn               (no ring)
MPRegen 0.12/turn               (no ring)
                                (no ring)
                                (no ring)

@: lethally poisoned (-4 -> -18)
A: almost no armour, amphibious, 8 rings, camouflage 1, gelatinous body 1,
(nimble swimmer 1), tentacles
a: no special abilities


You were on level 4 of the Dungeon.
You visited 1 branch of the dungeon, and saw 4 of its levels.

You collected 214 gold pieces.

Inventory:

Hand Weapons
 b - a +0 sling
 e - a +0 war axe
 g - a +0 dagger
 k - a +4 short sword of venom (weapon)
 m - a +0 hand axe
 w - a +0 vampiric trident
Missiles
 o - 4 atropa-tipped darts
 u - 2 boomerangs
Jewellery
 i - an amulet of the acrobat
Wands
 j - a wand of digging (1)
Scrolls
 d - a scroll of teleportation
 h - a scroll of vulnerability
Potions
 a - a potion of lignification
 f - a potion of flight
 n - a potion of cancellation
 p - a potion of attraction {unknown}
 s - 2 potions of degeneration {unknown}
 t - a potion of heal wounds {unknown}
 v - a potion of might {unknown}
 x - 3 potions of magic {unknown}


   Skills:
 + Level 2.4 Fighting
 + Level 1.0 Short Blades
 + Level 3.2 Dodging
 - Level 3.5 Unarmed Combat
 + Level 2.9 Spellcasting
 + Level 3.2 Transmutations
 + Level 1.5 Fire Magic


You had 7 spell levels left.
You knew the following spells:

 Your Spells              Type           Power      Damage    Failure   Level
a - Beastly Appendage     Tmut           26%        N/A       4%          1
b - Wereblood             Tmut           13%        N/A       7%          2

Your spell library contained the following spells:

 Spells                   Type           Power      Damage    Failure   Level
 Foxfire                  Conj/Fire      20%        2x1d5     13%         1
 Spider Form              Tmut/Pois      7%         N/A       26%         3
 Conjure Flame            Conj/Fire      5%         6-21      36%         3
 Inner Flame              Hex/Fire       5%         N/A       36%         3
 Ice Form                 Ice/Tmut       7%         N/A       65%         4
 Flame Wave               Conj/Fire      5%         2d5       78%         4


Dungeon Overview and Level Annotations

Branches:
Dungeon (4/15)
 Temple: D:4-7

Altars:

Annotations:
D:3 3 runed translucent doors, UCchamp's ghost, amateur MeFi
D:4 3 runed translucent doors, Jingleheimer's ghost, novice GrFi


Innate Abilities, Weirdness & Mutations

You cannot wear most types of armour.
You are amphibious.
You can wear up to eight rings at the same time.
Your skin changes colour to match your surroundings (Stealth+).
Your rubbery body absorbs attacks. (AC +1, EV +1)
((You are camouflaged when in or above water. (Stealth+)))
You have tentacles for arms and can constrict up to eight enemies at once.


Message History

You constrict the scorpion, but do no damage.
You feel very sick. The scorpion closely misses you.
You hit the scorpion.
You pierce the scorpion.
The scorpion is heavily wounded.
You constrict the scorpion.
You feel sick. The scorpion stings you!
You are more poisoned.
The scorpion poisons you!
You are too injured to fight recklessly!
You are too injured to fight recklessly!
You are too injured to fight recklessly!
As you read the scroll of teleportation, it crumbles to dust.
You feel strangely unstable.
You constrict the scorpion.
You feel very sick. The scorpion stings you.
* * * LOW HITPOINT WARNING * * *
You feel better.
You constrict the scorpion. The scorpion stings you.
You are poisoned.
The scorpion poisons you! The scorpion stings you.
You are lethally poisoned!
The scorpion poisons you!
You release your grip on the scorpion.
* * * LOW HITPOINT WARNING * * *
You feel extremely sick.
It was a potion of brilliance.
You feel clever all of a sudden.
You howl as the wereblood boils in your veins!
* * * LOW HITPOINT WARNING * * *
You feel very sick.
The scorpion stings you but does no damage.
It was a potion of cancellation.
You feel strangely stable.
Your magical effects are unravelling.
You feel magically purged.
Your tentacle spike disappears.
You feel a little less clever now.
Your primal bloodlust has ended.
* * * LOW HITPOINT WARNING * * *
You feel very sick. The scorpion stings you.
You die...

**............,,* #.##
**..........,,,* ##..# #
**........,,,** ##.... ####
**....(.,,,** ##..... ..)####
**....,,,** ##...... ...<÷.###
*#h.,,,** ##....... ........##
#)##,** #........ .........###
##sS### ##........ ...........#
#.@...####......... ...........#
##........#.........
...........###.......>....)......
...........##.........#..........
..........##..........#..........
..........#...............#......
#........##..............###.....
#####....#...............# ##...#
#####....†...........# ##.##


You could see a black bear, a scorpion and an adder.

Vanquished Creatures
  Blork the orc (D:4)
  A hound (D:4)
  Robin (D:4)
  A gnoll (D:1)
  5 adders
  A worm (D:2)
  5 dart slugs
  5 orcs
  5 endoplasms
  2 giant cockroaches
  11 goblins
  9 hobgoblins
  4 jackals (D:2)
  2 kobolds
  7 ball pythons
  7 bats
  7 frilled lizards
  4 rats
78 creatures vanquished.

Notes
Turn   | Place    | Note
-------+----------+-------------------------------------------
     0 | D:1      | croobank the Octopode Transmuter began the quest for the
                  | Orb.
     0 | D:1      | Reached XP level 1. HP: 13/13 MP: 3/3
   183 | D:1      | Reached XP level 2. HP: 18/18 MP: 3/5
   316 | D:1      | Learned a level 2 spell: Wereblood
  1233 | D:1      | Reached XP level 3. HP: 20/23 MP: 2/6
  1910 | D:2      | Reached XP level 4. HP: 24/29 MP: 4/7
  3134 | D:3      | Found a runed translucent gate.
  3135 | D:3      | Found a runed translucent gate.
  3136 | D:3      | Found a runed translucent gate.
  3136 | D:3      | Noticed UCchamp's ghost (amateur MeFi)
  3137 | D:3      | Noticed a black bear
  3325 | D:3      | Reached XP level 5. HP: 34/34 MP: 5/8
  3907 | D:4      | Noticed Robin
  4235 | D:4      | Killed Robin
  4236 | D:4      | Reached skill level 1 in Fire Magic
  4472 | D:4      | Found a runed translucent gate.
  4472 | D:4      | Found a runed translucent gate.
  4473 | D:4      | Found a runed translucent gate.
  4578 | D:4      | Noticed Jingleheimer's ghost (novice GrFi)
  4800 | D:4      | Noticed Blork the orc
  4810 | D:4      | Killed Blork the orc
  4811 | D:4      | Reached skill level 1 in Short Blades
  4811 | D:4      | Reached XP level 6. HP: 32/41 MP: 7/10
  5247 | D:4      | Noticed a black bear
  5254 | D:4      | HP: 1/41 [poisoned by a scorpion]
  5254 | D:4      | Slain by a scorpion

Illustrated notes

Levels and vault maps discovered:
D:1:      amcnicky_arrival_double_pillar, layout_loops_ring,
          reono_crystal_passage, minmay_close_crescents
D:2:      layout_basic, minmay_heptomino_d4
D:3:      layout_loops_ring, gammafunk_ghost_split
D:4:      layout_cave_pods, gammafunk_ghost_split, uniq_blork_the_orc,
          uniq_robin

Skill      XL: |  1  2  3  4  5 |
---------------+----------------+-----
Fighting       | 2 |  2.4
Fire Magic     | 1 |  1.5
Dodging        | 3 |  3.2
Transmutations | 3 |  3.2
Short Blades   | 1 |  1.0
Unarmed Combat | |  3.5
Spellcasting   | |  2.9

Action                   |  1- 3 |  4- 6 || total
-------------------------+-------+-------++-------
Melee: Unarmed           |    54 |       ||    54
       Kick              |    22 |    23 ||    45
       Constrict         |    16 |    29 ||    45
       Tentacles         |     6 |    22 ||    28
       Punch             |     1 |     1 ||     2
       Short sword       |     8 |    79 ||    87
 Cast: Beastly Appendage |    19 |    20 ||    39
       Wereblood         |    12 |    20 ||    32
  Use: Scroll            |       |    12 ||    12
       Potion            |       |     3 ||     3
 Stab: Sleeping          |     4 |     4 ||     8
Armor: Skin              |    14 |     7 ||    21
Dodge: Dodged            |    39 |    77 ||   116
